[Event "7th Sharjah Masters 2024"]
[Site "Sharjah"]
[Date "2024.05.19"]
[Round "6.31"]
[White "Erdogmus, Yagiz Kaan"]
[Black "Banusz, Tamas"]
[Result "1/2-1/2"]
[ECO "E38"]
[WhiteElo "2554"]
[BlackElo "2623"]
[Annotator "TA"]
[PlyCount "65"]
[EventDate "2024.05.13"]
[EventType "swiss"]
[EventCountry "UAE"]
[SourceTitle "playchess.com"]
[Source "ChessBase"]
[SourceQuality "1"]
[TimeControl "5400+30"]

1. d4 Nf6 2. c4 e6 3. Nc3 Bb4 4. Qc2 c5 5. dxc5 Qa5 6. Bd2 Qxc5 7. e3 d5 8. a3 Bxc3 9. Bxc3 dxc4 {[%emt 0:00:30] White is slightly better.} 10. Bb4 Qc6 11. Qxc4 (11. Nf3 {feels hotter.} a5 12. Nd4 Qd7 13. Bc3) 11... Qxc4 12. Bxc4 Nc6 13. Bc3 Ne4 14. Rc1 Nxc3 15. Rxc3 Ke7 16. Nf3 Bd7 17. Ke2 Rac8 18. Rhc1 Na5 {[%emt 0:00:30] [#] Threatens to win with ...Rxc4.} 19. Bd3 Rxc3 20. Rxc3 Rc8 21. Rxc8 (21. Bxh7 $2 {is the wrong capture.} Rxc3 22. bxc3 g6 $19) 21... Bxc8 $11 {[%emt 0:00:30][%mdl 4096] Endgame. KBN-KBN} 22. Ne5 (22. Bxh7 g6 (22... Nc4 23. Bc2 $11) 23. Kd3 Kf6 $19) 22... f6 23. b4 fxe5 24. bxa5 {[%emt 0:00:30] KB-KB} h6 25. Be4 b6 26. axb6 axb6 27. Kd3 Kd6 28. Kc4 Bd7 29. Kb4 Be8 30. f3 Bd7 31. a4 Be8 32. Bd3 g5 33. g4 {[%emt 0:00:30] Weighted Error Value: White=0.04 (flawless) /Black=0.03 (flawless) .  Inaccurate:     	White=2     	---        OK:         	White=11    	Black=10     Best:        	White=1     	Black=1} 1/2-1/2

[Event "7th Sharjah Masters 2024"]
[Site "Sharjah"]
[Date "2024.05.19"]
[Round "6.32"]
[White "Gavrilescu, David"]
[Black "Vakhidov, Jakhongir"]
[Result "1-0"]
[ECO "B27"]
[WhiteElo "2540"]
[BlackElo "2599"]
[Annotator "RC"]
[PlyCount "87"]
[EventDate "2024.05.13"]
[EventType "swiss"]
[EventCountry "UAE"]
[SourceTitle "playchess.com"]
[Source "ChessBase"]
[SourceQuality "1"]
[TimeControl "5400+30"]

1. e4 c5 2. Nf3 g6 3. c3 d5 4. e5 Bg4 5. Bb5+ Nc6 6. Bxc6+ bxc6 7. O-O c4 8. Re1 Bg7 9. b3 cxb3 10. axb3 Nh6 11. d4 O-O 12. Nbd2 f6 13. h3 Bxf3 14. Nxf3 Nf7 15. exf6 exf6 16. Ba3 Re8 17. Bc5 Rxe1+ 18. Qxe1 Qd7 19. Ra6 Qb7 20. Qa1 Qxb3 21. Rxa7 Rxa7 22. Qxa7 h5 23. Qa8+ Kh7 24. Qxc6 Qb1+ 25. Kh2 Qf5 26. Qc7 Kg8 27. Ba3 g5 28. Qe7 Qc8 29. Qe2 Nh6 30. Qd3 Nf5 31. g3 Qe6 32. Nd2 g4 33. hxg4 hxg4 34. c4 Bh6 35. cxd5 Qxd5 36. Ne4 Kg7 37. Bc5 Kf7 38. Nc3 Qe6 39. d5 Qe5 40. Qc4 Nh4 41. d6+ Kg7 42. Qxg4+ Bg5 43. Ne4 Ng6 44. Nxg5 1-0

[Event "7th Sharjah Masters 2024"]
[Site "Sharjah"]
[Date "2024.05.19"]
[Round "6.33"]
[White "Jumabayev, Rinat"]
[Black "Erdos, Viktor"]
[Result "1/2-1/2"]
[ECO "E40"]
[WhiteElo "2597"]
[BlackElo "2546"]
[Annotator "TA"]
[PlyCount "29"]
[EventDate "2024.05.13"]
[EventType "swiss"]
[EventCountry "UAE"]
[SourceTitle "playchess.com"]
[Source "ChessBase"]
[SourceQuality "1"]
[TimeControl "5400+30"]

1. c4 e6 2. Nc3 d5 3. d4 Bb4 4. a3 Bxc3+ 5. bxc3 Nf6 6. e3 c6 7. a4 O-O 8. Nf3 b6 {[%emt 0:00:27] The position is equal.} 9. a5 Ba6 10. Nd2 Qc8 11. Qb3 c5 12. Be2 Nc6 13. axb6 axb6 14. Ba3 ({White should play} 14. Qxb6 $11 cxd4 15. exd4) 14... Qc7 15. Qd1 {[%emt 0:17:30] Weighted Error Value: White=0.19 (very precise) /Black=0.15 (very precise) .  Mistake:       	White=1     	---        Inaccurate:     	White=2     	Black=2      OK:         	White=3     	Black=3} 1/2-1/2

[Event "7th Sharjah Masters 2024"]
[Site "Sharjah"]
[Date "2024.05.19"]
[Round "6.34"]
[White "Moroni, Luca Jr"]
[Black "Yilmazyerli, Mert"]
[Result "1/2-1/2"]
[ECO "A18"]
[WhiteElo "2581"]
[BlackElo "2522"]
[Annotator "RC"]
[PlyCount "200"]
[EventDate "2024.05.13"]
[EventType "swiss"]
[EventCountry "UAE"]
[SourceTitle "playchess.com"]
[Source "ChessBase"]
[SourceQuality "1"]
[TimeControl "5400+30"]

1. c4 Nf6 2. Nc3 e6 3. e4 d5 4. e5 d4 5. exf6 dxc3 6. bxc3 Qxf6 7. Bd3 Bd7 8. Nf3 Bc6 9. Bc2 Bxf3 10. Qxf3 Qxf3 11. gxf3 Nc6 12. d4 O-O-O 13. Rb1 Na5 14. c5 b6 15. Bd3 Be7 16. Ke2 Bf6 17. Rd1 Rd5 18. Bf4 Rh5 19. Ba6+ Kd7 20. c4 Bg5 21. Bg3 Bh4 22. Be5 f6 23. Bf4 Bg5 24. Bg3 Bh4 25. f4 Bxg3 26. hxg3 Ke7 27. Kf3 Rd8 28. Kg2 Rf5 29. d5 exd5 30. cxb6 axb6 31. c5 Nc4 32. Rd3 Ra8 33. Bb5 bxc5 34. Re1+ Kf8 35. Bd7 Rh5 36. Bg4 Rh6 37. Rxd5 Nd6 38. Rxc5 f5 39. Bf3 Ra7 40. Bd5 Rf6 41. f3 h6 42. Rc2 g5 43. fxg5 hxg5 44. Rb2 c5 45. Rb8+ Kg7 46. Rg8+ Kh7 47. Rxg5 Rh6 48. Re2 c4 49. Be6 Rf6 50. Bd5 Rh6 51. Bg8+ Kh8 52. Be6 Rg7 53. Rxg7 Kxg7 54. Bd5 c3 55. Rc2 Nb5 56. Bc4 Rb6 57. Kf2 Na3 58. Rxc3 Nxc4 59. Rxc4 Rb2+ 60. Ke3 Rxa2 61. Kf4 Ra3 62. Rc5 Kg6 63. Rc6+ Kf7 64. Rh6 Rb3 65. Rh5 Ke6 66. Rh8 Kf6 67. Rf8+ Kg6 68. Rd8 Kf6 69. Rd6+ Kf7 70. Rh6 Ra3 71. Rh5 Ke6 72. Rh8 Kf6 73. Rf8+ Kg6 74. Rd8 Kf6 75. Rd4 Rb3 76. Rd5 Rb4+ 77. Ke3 Rb3+ 78. Rd3 Rb6 79. f4 Re6+ 80. Kd4 Re4+ 81. Kc5 Re1 82. Kc6 Re2 83. Kd7 Re1 84. Kc6 Re2 85. Kc5 Re1 86. Kd4 Re4+ 87. Kc3 Re1 88. Kd2 Ra1 89. Ke2 Ra2+ 90. Rd2 Ra3 91. Kf2 Ra8 92. Kg2 Kg7 93. Rd6 Rb8 94. Kh3 Rh8+ 95. Kg2 Ra8 96. Rb6 Rc8 97. Rb5 Kg6 98. Kh3 Rh8+ 99. Kg2 Ra8 100. Kh3 Rh8+ 1/2-1/2

[Event "7th Sharjah Masters 2024"]
[Site "Sharjah"]
[Date "2024.05.19"]
[Round "6.35"]
[White "Peralta, Fernando"]
[Black "Sivuk, Vitaly"]
[Result "0-1"]
[ECO "D35"]
[WhiteElo "2575"]
[BlackElo "2544"]
[Annotator "TA"]
[PlyCount "70"]
[EventDate "2024.05.13"]
[EventType "swiss"]
[EventCountry "UAE"]
[SourceTitle "playchess.com"]
[Source "ChessBase"]
[SourceQuality "1"]
[TimeControl "5400+30"]

1. d4 Nf6 2. c4 e6 3. Nc3 d5 4. cxd5 exd5 5. Bg5 Be7 6. e3 h6 7. Bh4 Bg4 {[%emt 0:00:16] D35: Queen's Gambit Declined: Exchange Variation.} 8. Nf3 Nbd7 9. Bd3 c6 10. O-O O-O 11. Qc2 Ne8 12. Bg3 Bd6 13. Ne5 $146 ({Predecessor:} 13. Bxd6 Nxd6 14. Kh1 Qe7 15. Nd2 f5 16. f3 Bh5 17. Rae1 Rae8 18. Na4 Rf6 19. Rf2 {0-1 Makaremi,S (1869)-Cai,T (1675) CAN-ch U20 Toronto 2008 (8)}) 13... Bxe5 14. dxe5 Qe7 15. f4 f6 (15... Nc5 $142) 16. h3 $16 Bh5 17. Bh4 Nc5 18. Bf5 Kh8 19. Rae1 a5 20. e4 d4 21. exf6 gxf6 22. e5 dxc3 23. exf6 (23. Qxc3 Na4 24. Qb3 Nc5 $16) (23. bxc3 $6 Qg7 $14) 23... Qd6 24. Qxc3 (24. bxc3 $6 Nxf6 25. g4 Be8 $16) 24... Na4 (24... Nxf6 $2 25. g4 $18) 25. Qe5 Bf7 26. Bf2 ({Better is} 26. Qe7 $1 $16 {[%cal Oe1e6] Re6! would now be deadly.} Qxe7 27. fxe7) 26... b6 (26... Qxf6 $2 27. Bc2 Qxe5 (27... Nxb2 $2 28. Qe4 $18) 28. Rxe5 $16) (26... Bc4 $1 $14 27. Bc2 Bxf1 28. Rxf1 Rd8) 27. b3 (27. Qe7 $18 {[%cal Oe1e6] Threatens to win with Re6!} Nc5 28. Rd1 Qxe7 29. fxe7) 27... Nc5 $14 28. Qc3 {[%emt 0:00:25] [#]} (28. Qe7 $11) 28... Nxf6 $2 (28... Qxf6 $2 29. Bd4 $18) (28... Rd8 $1 $17) 29. Bd4 $16 Bd5 {[%emt 0:03:08] [#]} 30. Re6 $2 (30. Be5 $1 $16 {stays on course.} Qe7 31. Kh2) 30... Nxe6 $19 31. Bxf6+ Kg8 32. Qg3+ $2 (32. Rf2 Ng7 (32... Nxf4 33. Qg3+ Kf7 34. Qg7+ Ke8 35. Rxf4 $11) 33. Be5) 32... Ng5 $1 $19 33. Bxg5 hxg5 (33... Rxf5 $2 {is the wrong capture.} 34. Bxh6+ Kf7 35. Qg7+ Ke8 36. Re1+ Be6 (36... Kd8 $2 37. Bg5+ Rxg5 38. Qxg5+ Kc7 39. Re7+ $18) 37. Qg8+ Kd7 38. Qxa8 $18) ({Don't go for} 33... Qc5+ $2 34. Kh2 hxg5 35. Qxg5+ Kf7 36. Qg6+ Ke7 37. Re1+ Kd8 38. Qg5+ Kc7 39. Re7+ Kb8 40. Qg7 $18) 34. Qxg5+ Kf7 35. Re1 Rg8 0-1

[Event "7th Sharjah Masters 2024"]
[Site "Sharjah"]
[Date "2024.05.19"]
[Round "6.36"]
[White "Sanal, Vahap"]
[Black "Nikitenko, Mihail"]
[Result "1-0"]
[ECO "C01"]
[WhiteElo "2566"]
[BlackElo "2529"]
[Annotator "RC"]
[PlyCount "123"]
[EventDate "2024.05.13"]
[EventType "swiss"]
[EventCountry "UAE"]
[SourceTitle "playchess.com"]
[Source "ChessBase"]
[SourceQuality "1"]
[TimeControl "5400+30"]

1. e4 e6 2. d4 d5 3. Nc3 Nf6 4. exd5 exd5 5. Bg5 Be7 6. Bd3 h6 7. Bf4 a6 8. Qd2 Nc6 9. Nge2 Nb4 10. O-O-O Be6 11. f3 b6 12. Be5 c5 13. Nf4 O-O 14. g4 Nd7 15. Bf5 Nxe5 16. dxe5 d4 17. Nxe6 fxe6 18. Bxe6+ Kh8 19. Ne4 Rxf3 20. g5 Bxg5 21. Nxg5 Qxg5 22. Qxg5 hxg5 23. h4 g4 24. a3 Re8 25. Bxg4 Rf4 26. Bd7 Re7 27. e6 Nd5 28. Rdf1 Rxf1+ 29. Rxf1 Nf6 30. Bc8 a5 31. Re1 g6 32. b4 axb4 33. axb4 Rc7 34. Rf1 Kg7 35. Bd7 Ra7 36. Kb2 cxb4 37. Rf4 Rc7 38. Rxd4 Kf8 39. Ba4 Ke7 40. Bb3 Rc5 41. Rxb4 b5 42. Rd4 g5 43. hxg5 Rxg5 44. Ka3 Re5 45. Rd2 Re4 46. Rf2 Re5 47. Rd2 Re4 48. Rd1 Rf4 49. Kb2 Re4 50. Kc3 b4+ 51. Kd3 Rh4 52. Ra1 Rh8 53. Ra7+ Kd6 54. Ra6+ Ke7 55. Rb6 Rd8+ 56. Kc4 Nd5 57. Rc6 Rd6 58. Rc5 Nf4 59. Rc7+ Kf6 60. Rf7+ Ke5 61. e7 Re6 62. Kc5 1-0

[Event "7th Sharjah Masters 2024"]
[Site "Sharjah"]
[Date "2024.05.19"]
[Round "6.37"]
[White "Madaminov, Mukhiddin"]
[Black "Kadric, Denis"]
[Result "1-0"]
[ECO "C43"]
[WhiteElo "2506"]
[BlackElo "2558"]
[Annotator "TA"]
[PlyCount "103"]
[EventDate "2024.05.13"]
[EventType "swiss"]
[EventCountry "UAE"]
[SourceTitle "playchess.com"]
[Source "ChessBase"]
[SourceQuality "1"]
[TimeControl "5400+30"]

1. e4 e5 2. Nf3 Nf6 3. d4 Nxe4 4. Bd3 Nc6 5. O-O d5 6. dxe5 Bg4 7. Nc3 Nxc3 8. bxc3 Bc5 9. Re1 Qd7 10. Rb1 Bb6 11. h3 {[%emt 0:10:58] White is slightly better.} Bh5 12. g4 Bg6 {[%emt 0:00:04] Prevents Bf5.} 13. Rb5 {[%emt 0:00:15] [#] And now Bxg6 would win.} O-O-O 14. Bg5 $1 Ne7 15. Bxe7 Qxe7 16. Bxg6 hxg6 17. Rxd5 Rxh3 {[%emt 0:24:01] Strongly threatening ...Rdh8.} 18. Rxd8+ Qxd8 19. Qxd8+ Kxd8 $11 {[%emt 0:00:02][%mdl 4096] Endgame. KRB-KRN} 20. Kg2 {[%emt 0:00:17] Inhibits Rg3+.} Rh8 21. Ng5 Ke7 22. Rd1 Rf8 23. f4 c6 24. c4 Bc7 25. Kf3 f6 26. exf6+ Rxf6 27. Rd4 c5 28. Re4+ Kd7 29. Nh7 Rf7 30. Ke3 (30. Ng5 $5 Rf6 $8 31. Nh7 $11) 30... Bd8 31. Re5 Be7 32. Rd5+ Kc6 33. Ng5 Bxg5 34. Rxg5 {[%emt 0:00:10] KR-KR} Rf6 35. Re5 Kd6 {[%emt 0:03:04] Wards off Re7} 36. Kf3 Rf8 {[%emt 0:00:37] [#]} (36... b6 $11) 37. Kg3 (37. Rd5+ $1 $16 Kc6 38. Ke4) 37... b6 38. Re3 Rf7 39. Re2 Rf8 40. Re3 Rf7 41. Rf3 Ke6 42. Kh4 Rd7 $2 {[%emt 0:00:00] Loses the game.} (42... Kf6 $11) 43. Kg5 $18 Kf7 44. Rd3 Re7 45. c3 Re4 46. Rd7+ Kf8 47. Rxa7 (47. Kxg6 $6 Rxf4 48. g5 (48. Rxa7 Rxg4+ 49. Kf5 Rxc4 $15) 48... Rxc4 $11) 47... Rxc4 $2 (47... Re6 48. Ra8+ Kf7) 48. Rb7 ({Less strong is} 48. Kxg6 Rxf4 49. g5 (49. Rxg7 $2 Rxg4+ 50. Kf5 Rxg7 $19) 49... Rf3 $16) 48... Rxc3 49. Kxg6 (49. Rxb6 Ra3 $11) 49... Rc1 50. f5 {[%emt 0:00:29][%cal Og4g5] Hoping for g5!} ({Inferior is} 50. Rxb6 Rc4 $11) 50... c4 51. g5 (51. Rb8+ $142 Ke7 52. Kxg7 (52. Rxb6 Kd7 $18)) 51... c3 52. Rxg7 {[%emt 0:00:42] Weighted Error Value: White=0.08 (flawless) /Black=0.41.  Loses game:     	---       	Black=1      Mistake:       	White=1     	Black=2      Inaccurate:     	---       	Black=1      OK:         	White=18    	Black=20     Best:        	White=4     	Black=1      Strong:       	White=1     	---} 1-0

[Event "7th Sharjah Masters 2024"]
[Site "Sharjah"]
[Date "2024.05.19"]
[Round "6.38"]
[White "Samant Aditya S"]
[Black "Sjugirov, Sanan"]
[Result "0-1"]
[ECO "B90"]
[WhiteElo "2501"]
[BlackElo "2692"]
[Annotator "TA"]
[PlyCount "92"]
[EventDate "2024.05.13"]
[EventType "swiss"]
[EventCountry "UAE"]
[SourceTitle "playchess.com"]
[Source "ChessBase"]
[SourceQuality "1"]
[TimeControl "5400+30"]

1. e4 c5 2. Nf3 d6 3. d4 cxd4 4. Nxd4 Nf6 5. Nc3 a6 6. Be3 e5 7. Nf3 Be7 8. Bc4 Be6 9. Bxe6 {[%emt 0:04:12] B90: Sicilian Najdorf: Unusual White 6th moves, 6 Be3 Ng4 and 6 Be3 e5.} fxe6 10. Ng5 Qd7 11. Qf3 $1 d5 12. O-O-O d4 13. Bxd4 exd4 14. e5 Nc6 15. exf6 Bxf6 16. Qh5+ g6 17. Nce4 O-O 18. Qg4 $146 ({Predecessor:} 18. Nxf6+ Rxf6 19. Qh4 Raf8 20. f3 e5 21. Kb1 Rf5 22. Ne4 Nb4 23. c3 Nd5 24. Qf2 {½-½ Kong,X (2193)-Xu,Y (2558) China zt 3.5 2023 (1)}) 18... Bxg5+ 19. Nxg5 Rxf2 20. Qxe6+ Qxe6 21. Nxe6 Rxg2 22. Nxd4 Nxd4 23. Rxd4 Rf8 24. h4 Kg7 25. a4 Rf7 26. b3 h5 27. Rhd1 (27. Rb4 $11) 27... Kh6 $15 28. Kb2 Rg4 29. Kc3 Rf3+ 30. Kc4 {[%emt 0:00:33] [#]} (30. Kb2 $15) 30... Rff4 $1 $19 31. c3 ({Don't play} 31. Rxf4 Rxf4+ 32. Kc5 (32. Rd4 $2 Rxd4+ 33. Kxd4 g5 $19) 32... Rxh4) 31... Rxh4 32. Kc5 $2 (32. b4) 32... Rf5+ $19 33. Kb6 Rh3 (33... Rxd4 $17 34. cxd4 Rf7) 34. Kxb7 $11 Rxc3 35. b4 Rf6 36. b5 $2 {[%emt 0:01:18][%mdl 8192] [#]} (36. Rd6 $15 Rxd6 37. Rxd6) 36... axb5 $1 $19 37. axb5 Rb3 38. Rd5 h4 39. Kc7 g5 40. Rg1 Rg6 41. Kd7 h3 42. Ke7 g4 43. Rh1 Rg5 44. Rd6+ Kh5 45. b6 Rg6 46. Rd5+ Kh4 0-1

[Event "7th Sharjah Masters 2024"]
[Site "Sharjah"]
[Date "2024.05.19"]
[Round "6.39"]
[White "Yilmaz, Mustafa"]
[Black "Avila Pavas, Santiago"]
[Result "1-0"]
[ECO "D37"]
[WhiteElo "2641"]
[BlackElo "2516"]
[Annotator "TA"]
[PlyCount "105"]
[EventDate "2024.05.13"]
[EventType "swiss"]
[EventCountry "UAE"]
[SourceTitle "playchess.com"]
[Source "ChessBase"]
[SourceQuality "1"]
[TimeControl "5400+30"]

1. d4 d5 2. c4 e6 3. Nf3 Nf6 4. Nc3 a6 5. cxd5 exd5 6. Bg5 {[%emt 0:00:03] D37: Queen's Gambit Declined: 5 Bf4.} Be6 7. e3 Nbd7 8. Bd3 Bd6 9. O-O c6 10. Bf4 Qc7 11. Bxd6 Qxd6 12. Qc2 O-O 13. h3 h6 14. Rfe1 $5 {[%emt 0:02:39][%mdl 4] Exploring less charted territory.} Rfc8 15. Rad1 b5 $146 ({Predecessor:} 15... Qc7 16. Nd2 c5 17. dxc5 Nxc5 18. Qb1 b5 19. Nf3 b4 20. Ne2 Nxd3 21. Qxd3 Qc2 22. Qxc2 Rxc2 {1-0 Karavade,E (2384)-Stocko,J (2331) Zadar op-A 24th 2017 (8)}) 16. Ne2 c5 17. dxc5 Nxc5 18. Nf4 Bd7 19. Qd2 Nxd3 20. Qxd3 Rc5 21. Qd2 Qe7 22. Nd4 Rac8 23. Qb4 Qd8 24. Nd3 Rc4 25. Qd6 Qa5 (25... Qc7 $142 26. Qxc7 (26. Qxa6 $2 Ra4 $19) 26... R4xc7) 26. a3 ({Better is} 26. Ne5 R4c7 27. a3) 26... Be6 (26... Qc7 $16 27. Qxc7 (27. Qxa6 $2 Ra4 $19) 27... R4xc7) 27. Ne5 $18 Ne4 28. Nxc4 bxc4 29. Qe5 Re8 30. Ne2 Nf6 (30... Qb5 $142 31. f3 Nf6) 31. Qc3 Qb6 32. b4 Bf5 33. Nf4 Qc6 34. Qd4 Be6 35. f3 Qa4 (35... Rc8 {was necessary.} 36. Rc1 Qd6) 36. Qc3 Qc6 37. Rd2 Bf5 (37... Bc8 $142 38. Red1 Be6) 38. Red1 $18 Be6 39. Kf2 Qb5 40. Qd4 Qa4 41. Ra1 a5 42. Qc3 Rb8 43. Rb2 (43. bxa5 Rb3 44. Qd4 Bf5 45. Nxd5 Nxd5 $18) 43... Nd7 44. bxa5 Rxb2+ 45. Qxb2 Qxa5 46. Qb4 Qa7 47. Rb1 Kh7 48. Rd1 Qa8 (48... Ne5 {keeps fighting.} 49. Qc3 (49. Nxd5 Nd3+ 50. Rxd3 cxd3 $16) 49... Qa4) 49. a4 $18 Ne5 50. Qb1+ Kh8 51. Qb5 Qc8 (51... Bd7 $142 52. Qb4 (52. Qxd5 Qxa4 53. Rd2 Qa1 $18) 52... Bf5) 52. Rb1 Kh7 53. Qb8 ({Weaker is} 53. Nxd5 Qd8 $18) 1-0